 Dungeon Crawl Stone Soup version 0.19.5 (webtiles) character file.

590 IcyNumb the Spear-Bearer (level 7, -2/54 HPs)
             Began as a Merfolk Gladiator on May 21, 2017.
             Was an Initiate of Okawaru.
             Slain by a slave (3 damage)
             ... led by Pikel
             ... on level 5 of the Dungeon.
             The game lasted 00:35:51 (5817 turns).

IcyNumb the Spear-Bearer (Merfolk Gladiator)        Turns: 5817, Time: 00:35:51

Health: -2/54      AC:  4    Str: 16    XL:     7   Next: 38%
Magic:  7/7        EV: 13    Int:  7    God:    Okawaru [......]
Gold:   232        SH:  8    Dex: 16    Spells: 0 memorised, 6 levels left

rFire  . . .     SeeInvis .     a - +0 trident
rCold  . . .     Gourm    .     D - +0 leather armour
rNeg   . . .     Faith    .     x - +0 shield
rPois  .         Spirit   .     c - +0 helmet
rElec  .         Reflect  .     (no cloak)
rCorr  .         Harm     .     (no gloves)
MR     .....                    (no boots)
Stlth  ++........               (no amulet)
                                (no ring)
                                q - ring of stealth

@: no status effects
A: change form in water, swift swim, stealthy swim
a: Renounce Religion


You were on level 5 of the Dungeon.
You worshipped Okawaru.
Okawaru was noncommittal.
You were hungry.

You visited 2 branches of the dungeon, and saw 7 of its levels.

You collected 232 gold pieces.

Inventory:

Hand Weapons
 a - a +0 trident (weapon)
 b - a +0 trident
 B - a +0 trident
 C - a +0 halberd
Armour
 c - a +0 helmet (worn)
 x - a +0 shield (worn)
 D - a +0 leather armour (worn)
Jewellery
 q - a ring of stealth (left hand)
Scrolls
 g - 2 scrolls of identify {unknown}
 i - 4 scrolls of amnesia {unknown}
 k - 3 scrolls of teleportation {unknown}
 l - a scroll of enchant armour {unknown}
 m - 2 scrolls of random uselessness {unknown}
 o - a scroll of remove curse {unknown}
 t - a scroll of fog {unknown}
 u - a scroll of magic mapping {unknown}
Potions
 e - a potion of ambrosia {unknown}
 h - 2 potions of heal wounds {unknown}
 j - a potion of mutation {unknown}
 n - 2 potions of flight {unknown}
 p - a potion of degeneration {unknown}
 r - 2 potions of curing {unknown}
 v - a potion of magic {unknown}
 w - a potion of brilliance {unknown}
Books
 y - a book of Changes

   Spells                             Type                      Level
   a - Beastly Appendage              Transmutation                1
   b - Sticks to Snakes               Transmutation                2
   c - Spider Form                    Transmutation/Poison         3
   d - Ice Form                       Ice/Transmutation            4
   e - Blade Hands                    Transmutation                5
 E - a book of Geomancy

   Spells                             Type                      Level
   a - Sandblast                      Earth                        1
   b - Passwall                       Transmutation/Earth          2
   c - Stone Arrow                    Conjuration/Earth            3
   d - Petrify                        Transmutation/Earth          4
   e - Lee's Rapid Deconstruction     Earth                        5
Comestibles
 f - 3 bread rations
 s - a royal jelly
 z - a slice of pizza
 A - 2 fruits


   Skills:
 + Level 4.1 Fighting
 * Level 9.1 Polearms
 - Level 2.0 Throwing
 * Level 5.8 Dodging
 + Level 2.3 Shields


You had 6 spell levels left.
You didn't know any spells.

Dungeon Overview and Level Annotations

Branches:
Dungeon (6/15)             Temple (1/1) D:4

Altars:
Ashenzari
Cheibriados
Dithmenos
Elyvilon
Fedhas
Gozag
Kikubaaqudgha
Okawaru
Qazlal
Ru
Sif Muna
Trog
Uskayaw
Vehumet
Xom
Yredelemnul
Zin

Annotations:
D:5 Pikel


Message History

Found 20 arrows and a scroll labeled MUEFRU UWUCUSUKH.
There is a stone staircase leading up here.
You block Pikel's attack. You block the slave's attack.
You climb upwards.
There is a stone staircase leading down here.
You closely miss Pikel.
Pikel is severely wounded.
You block Pikel's attack. The slave hits you!
* * * LOW HITPOINT WARNING * * *
You barely miss Pikel.
Pikel is severely wounded.
Pikel closely misses you. The slave closely misses you.
You closely miss Pikel.
Pikel is severely wounded.
You block Pikel's attack. The slave hits you.
* * * LOW HITPOINT WARNING * * *
You puncture Pikel!
Pikel is almost dead.
Pikel hits you but does no damage. The slave hits you.
You die...

#.# #############.#
#.............####
#.#...............
#.................
#.#.##############
##+#.(....<# #...#
#Kp........###.####
#.@......(.'.'.#...
#......)...#.###...
#..........#....._.
#..........#####...
#..........# #...
############ ####


You could see Pikel and a slave.

Vanquished Creatures
  3 slaves
  An ogre (D:4)
  A centaur zombie (D:4)
  2 hounds
  A gnoll shaman (D:4)
  An iguana (D:3)
  3 worker ants
  7 adders
  13 gnolls
  A shadow imp (D:5)
  A worm (D:4)
  4 dart slugs
  3 leopard geckos
  4 orcs
  5 giant cockroaches
  6 goblins
  4 hobgoblins
  10 jackals
  3 quokkas
  2 ball pythons (D:1)
  2 bats
  A frilled lizard (D:2)
  A jackal zombie (D:5)
  10 kobolds
  7 rats
96 creatures vanquished.

Vanquished Creatures (others)
  A wizard (D:5)
1 creature vanquished.

Grand Total: 97 creatures vanquished

Notes
Turn   | Place    | Note
-------+----------+-------------------------------------------
     0 | D:1      | IcyNumb the Merfolk Gladiator began the quest for the Orb.
     0 | D:1      | Reached XP level 1. HP: 16/16 MP: 1/1
   126 | D:1      | Reached XP level 2. HP: 20/23 MP: 2/2
   169 | D:1      | Found a shimmering altar of Xom.
   721 | D:1      | Reached skill level 5 in Polearms
  1044 | D:2      | Reached XP level 3. HP: 11/28 MP: 3/3
  1283 | D:2      | Reached skill level 6 in Polearms
  1614 | D:2      | Reached XP level 4. HP: 34/34 MP: 4/4
  2119 | D:3      | Reached skill level 7 in Polearms
  3089 | D:4      | Reached XP level 5. HP: 25/39 MP: 5/5
  3210 | D:4      | Reached skill level 1 in Shields
  3275 | D:4      | Noticed an ogre
  3301 | D:4      | Killed an ogre
  3301 | D:4      | Reached skill level 8 in Polearms
  3301 | D:4      | Reached XP level 6. HP: 47/47 MP: 6/6
  3809 | D:4      | Reached skill level 5 in Dodging
  4679 | D:4      | Reached XP level 7. HP: 52/53 MP: 7/7
  4880 | D:4      | Found a staircase to the Ecumenical Temple.
  4892 | Temple   | Entered the Ecumenical Temple
  5060 | Temple   | Became a worshipper of Warmaster Okawaru
  5273 | D:5      | Entered Level 5 of the Dungeon
  5283 | D:5      | Reached skill level 9 in Polearms
  5295 | D:5      | Found a bloodstained altar of Trog.
  5296 | D:5      | Noticed a wizard
  5301 | D:5      | Killed a wizard
  5401 | D:5      | Found a white marble altar of Elyvilon.
  5435 | D:5      | Noticed Pikel
  5816 | D:5      | HP: 1/54 [slave[Pikel] (4)]
  5817 | D:5      | Slain by a slave

Skill      XL: |  1  2  3  4  5  6  7 |
---------------+----------------------+-----
Polearms       | 5 6 7 8 9 |  9.1
Shields        | 1 2 |  2.3
Fighting       | 3 4 |  4.1
Dodging        | 5 |  5.8
Throwing       | |  2.0

Action                   |  1- 3 |  4- 6 |  7- 9 || total
-------------------------+-------+-------+-------++-------
Melee: Trident           |   111 |   201 |    95 ||   407
Throw: Throwing net      |       |     1 |     3 ||     4
 Stab: Sleeping          |     2 |     3 |     1 ||     6
       Held in net/web   |       |       |     2 ||     2
  Eat: Chunk             |     2 |    10 |     3 ||    15
Armor: Leather armour    |    18 |    22 |     5 ||    45
Dodge: Dodged            |    71 |    79 |    26 ||   176
Block: Shield            |       |    47 |    35 ||    82
